Map: Acid Plant LE

Players

Has - Winner!

  • Race: Protoss Protoss
  • Spawn Location: 5:00

Nerchio

  • Race: Zerg Zerg
  • Spawn Location: 11:00

Event: WCS Valencia 2018

VOD

Have the link to the VOD?

Description

Time

  • Played on: July 14, 2018, 9:19 a.m.
  • Length: 7:33

All games in this series

Show
View Real Time Build Order
Export as new Build Order

Has Protoss - Winner!

Build Orders: 1 Gate Expand 

Get SALT Encoding   

  12  0:00  Probe  
  13  0:12  Probe  
  14  0:17  Pylon  
  14  0:23  Probe  
  15  0:31  Probe  
  15  0:38  Gateway  
  15  0:40  Probe  
  17  0:52  Probe  
  17  0:54  Assimilator  
  18  1:00  Probe  
  19  1:08  Probe  
  20  1:25  Nexus  
  20  1:36  Cybernetics Core  
  20  1:39  Probe  
  21  1:46  Assimilator  
  21  1:51  Probe  
  22  1:56  Pylon  
  22  2:03  Probe  
  22  2:05  Stalker  
  23  2:13  Warp Gate  
  23  2:15  Probe  
  26  2:27  Twilight Council, Probe  
  27  2:34  Probe  
  27  2:39  Probe  
  29  2:46  Robotics Facility  
  29  2:50  Probe  
  30  2:51  Probe  
  31  2:58  Gateway  
  31  2:59  Probe  
  31  3:05  Probe  
  32  3:08  Charge, Probe  
  33  3:17  Probe x2  
  34  3:21  Sentry  
  37  3:29  Observer, Probe  
  37  3:30  Gateway  
  38  3:34  Gateway  
  38  3:37  Probe  
  40  3:41  Pylon  
  40  3:42  Probe  
  40  3:46  Warp Prism  
  41  3:52  Probe  
  44  3:56  Pylon  
  44  3:57  Probe  
  45  4:05  Probe  
  45  4:06  Forge  
  45  4:09  Probe  
  47  4:13  Pylon  
  47  4:20  Probe  
  48  4:26  Zealot x3  
  48  4:28  Zealot  
  48  4:30  Probe  
  57  4:32  Protoss Ground Weapons Level 1, Probe  
  57  4:38  Immortal  
  62  4:57  Zealot x4  
  70  5:07  Pylon  
  68  5:17  Immortal  
  68  5:18  Zealot  
  68  5:19  Zealot  
  70  5:26  Zealot x2  
  76  5:31  Gateway x2  
  76  5:33  Gateway  
  68  5:45  Zealot x2  
  68  5:48  Immortal  
  68  5:49  Gateway  
  68  5:54  Pylon  
  68  5:56  Sentry x2  
  74  5:59  Pylon  
  74  6:01  Pylon  
  73  6:06  Probe  
  73  6:07  Zealot x2  
  78  6:14  Pylon  
  78  6:16  Pylon  
  78  6:20  Zealot x2  
  82  6:31  Sentry x3  
  82  6:32  Zealot x2  
  92  6:42  Zealot  
  94  6:48  Zealot x2  
  92  6:55  Zealot x5  
  96  7:04  Zealot  
  95  7:09  Zealot x2  
  95  7:10  Zealot x2  
  91  7:18  Zealot  
  91  7:19  Zealot x2  
Show
View Real Time Build Order
Export as new Build Order

Nerchio Zerg 

Build Orders: Hatch First 

Get SALT Encoding   

  12  0:00  Drone  
  13  0:13  Overlord  
  13  0:17  Drone  
  14  0:31  Drone x2  
  14  0:34  Drone  
  17  0:53  Hatchery  
  17  0:56  Drone  
  17  1:00  Drone  
  17  1:02  Extractor  
  17  1:16  Spawning Pool  
  16  1:19  Drone  
  16  1:23  Drone  
  18  1:28  Drone  
  19  1:40  Overlord  
  19  1:53  Drone  
  20  2:02  Queen  
  20  2:03  Metabolic Boost  
  20  2:04  Zergling x2  
  23  2:09  Queen  
  23  2:12  Zergling x2  
  26  2:17  Drone  
  26  2:19  Drone  
  28  2:23  Drone  
  28  2:27  Drone  
  30  2:42  Hatchery  
  29  2:46  Drone  
  29  2:47  Drone  
  29  2:49  Drone  
  32  2:56  Queen  
  34  3:02  Overlord  
  34  3:04  Drone  
  35  3:12  Drone  
  36  3:21  Spore Crawler, Drone  
  36  3:22  Drone x4  
  36  3:23  Drone  
  36  3:25  Drone  
  42  3:29  Overlord  
  42  3:39  Drone  
  42  3:40  Drone  
  42  3:41  Roach Warren  
  43  3:45  Lair  
  43  3:48  Drone  
  44  3:49  Drone  
  44  3:51  Drone  
  44  3:52  Drone  
  48  3:55  Drone  
  48  3:57  Drone  
  48  3:58  Drone  
  48  4:01  Extractor  
  49  4:03  Extractor  
  49  4:07  Queen  
  50  4:11  Drone x2  
  50  4:16  Overlord  
  52  4:22  Roach x3  
  58  4:31  Overlord  
  58  4:38  Roach x2  
  62  4:41  Overlord  
  62  4:44  Overlord, Roach x2  
  66  4:46  Overseer  
  66  4:49  Glial Reconstitution  
  66  5:01  Roach x3  
  66  5:02  Roach  
  66  5:04  Roach  
  74  5:11  Roach x2  
  74  5:14  Roach  
  68  5:17  Roach  
  68  5:18  Drone x6  
  71  5:23  Drone  
  71  5:26  Drone x2  
  68  5:30  Zergling x2  
  68  5:32  Zergling x2  
  68  5:34  Drone  
  63  5:37  Drone  
  63  5:42  Roach  
  60  5:45  Roach  
  60  5:46  Drone  
  60  5:48  Drone  
  60  5:52  Drone x2  
  60  5:54  Drone  
  60  5:56  Drone  
  64  6:01  Drone x3  
  67  6:06  Drone  
  67  6:08  Roach  
  72  6:12  Roach  
  72  6:15  Roach, Queen  
  78  6:18  Roach  
  78  6:22  Spine Crawler  
  78  6:23  Roach  
  79  6:26  Roach  
  79  6:32  Roach  
  83  6:33  Roach  
  83  6:35  Baneling Nest  
  83  6:36  Roach  
  83  6:38  Roach  
  90  6:40  Roach  
  90  6:47  Overlord  
  90  6:48  Overlord  
  90  6:50  Overlord  
  90  6:53  Overlord  
  90  6:59  Roach  
  86  7:01  Roach  
  86  7:02  Roach  
  86  7:03  Ravager  
  86  7:06  Roach x2  
  93  7:11  Roach x2  
Tags
 
Add a new tag
Caveats
  • Supply blocks, unpowered buildings, or Contaminate may cause inaccurate times.
  • Supply counts are checked every 10 seconds.